AoeStats
← So sad

Pilgrims

508717174Analyzed
3v3 RM · 7d ago on Sep 23, 2026· 44m 31s· 6 players
Game mode
Random Map
Map size
Normal (6 player)
Population
200
Speed
Normal
Resources
Standard
Victory
Conquest
Starting age
Dark Age
Ending age
Imperial Age
RankedLock teamsTeams togetherTeam positionsShared explorationLock speedFull tech treeHidden civsTurbo modeCheats
Victory
Defeat
🇺🇦 Poles · Ukraine
1396
+19
🇧🇾 Lithuanians · Belarus
1388
+19
🇧🇾 Magyars · Belarus
1381
+19
🇫🇮 Hindustanis · Finland
1503
-21
🇫🇮 Malians · Finland
1472
-20
🇫🇮 Bohemians · Finland
1383
-16
So sad
3:44 Loom
12:17 Feudal Age
12:50 Town Watch
17:36 Castle Age
21:55 Fishing Lines
32:47 Sanctity
38:26 Double-Bit Axe
44:02 Wheelbarrow
43:59 Corvinian Army
44:33 Scale Barding Armor
44:53 Gold Mining
HURMA
11:53 Feudal Age
11:13 Loom
12:36 Fishing Lines
15:31 Castle Age
15:16 Scale Barding Armor
15:21 Forging
15:30 Double-Bit Axe
16:53 Bloodlines
16:44 Husbandry
17:09 Chain Barding Armor
20:17 Gillnets
21:27 Fletching
23:32 Herbal Medicine
24:13 Bow Saw
24:31 Medium Warships
25:15 Horse Collar
27:42 Heavy Plow
30:22 Iron Casting
31:02 Wheelbarrow
33:01 Bodkin Arrow
34:24 Hand Cart
37:40 Imperial Age
35:55 Town Watch
36:53 Stone Mining
36:53 Gold Mining
37:40 Elite Leitis
39:11 Plate Barding Armor
40:20 Crop Rotation
41:32 Conscription
43:21 Two-Man Saw
44:31 Bracer
NiL
5:40 Loom
10:38 Feudal Age
14:33 Castle Age
13:24 Fishing Lines
13:53 Town Watch
13:59 Fletching
14:14 Scale Mail Armor
18:24 Chain Mail Armor
19:06 Squires
18:52 Arson
20:12 Bodkin Arrow
22:14 Forging
25:58 Iron Casting
25:05 Horse Collar
27:44 Wheelbarrow
29:20 Hand Cart
32:13 Imperial Age
33:19 Szlachta Privileges
33:28 Bracer
35:13 Ballistics
35:59 Chemistry
34:54 Guard Tower
34:46 Treadmill Crane
35:03 Murder Holes
34:51 Treadmill Crane
36:30 Conscription
39:07 Heavy Plow
39:46 Bloodlines
39:36 Husbandry
38:58 Cavalier
39:55 Szlachta Privileges
41:21 Scale Barding Armor
42:57 Blast Furnace
42:46 Chain Barding Armor
tiksa
5:34 Loom
12:43 Feudal Age
16:51 Fletching
21:04 Castle Age
20:48 Forging
22:24 Medium Warships
29:29 Wheelbarrow
34:40 Bloodlines
36:23 Scale Barding Armor
40:13 Wheelbarrow
juu
6:00 Loom
10:22 Feudal Age
15:29 Castle Age
21:13 Fletching
23:00 Bodkin Arrow
23:33 Wagenburg Tactics
32:04 Double-Bit Axe
34:59 Bow Saw
38:45 Ballistics
38:27 Fishing Lines
39:56 Wheelbarrow
40:06 Gillnets
42:05 Hand Cart
Genitaali
11:52 Feudal Age
10:08 Loom
12:21 Double-Bit Axe
14:54 Wheelbarrow
16:51 Castle Age
15:29 Wheelbarrow
16:06 Fletching
20:28 Crossbowman
24:05 Bodkin Arrow
33:41 Hand Cart
33:14 Town Watch
39:33 Bloodlines
39:23 Husbandry
40:12 Husbandry
43:05 Horse Collar
43:20 Gold Mining
44:44 Scale Barding Armor
44:49 Forging
Connection lost

Rejoining the realm…

Still unreachable

The connection could not be restored.

Session expired

The server has moved on; the page needs a fresh start.